 Dungeon Crawl Stone Soup version 0.26-a0-1205-g4083c211ab (webtiles) character file.

Game seed: 17731797104049102346

1692 vvl the Conjurer (level 8, 0/61 HPs)
             Began as a Demonspawn Fire Elementalist on Dec 29, 2020.
             Was an Initiate of Vehumet.
             Hit by a silver boomerang thrown by an orc warrior (2 damage)
             ... on level 6 of the Dungeon.
             The game lasted 00:39:03 (7476 turns).

vvl the Conjurer (Demonspawn Fire Elementalist)     Turns: 7476, Time: 00:39:03

Health: 0/61       AC:  9    Str:  7    XL:     8   Next: 72%
Magic:  0/14       EV: 11    Int: 19    God:    Vehumet [......]
Gold:   329        SH:  5    Dex: 13    Spells: 15/16 levels left

rFire    + . .     SeeInvis .   x - +1 battleaxe (freeze)
rCold    . . .     Faith    .   (shield currently unavailable)
rNeg     . . .     Spirit   +   i - +0 leather armour
rPois    .         Reflect  +   D - +2 hat
rElec    .         Harm     .   (no cloak)
rCorr    .         Rampage  .   (no gloves)
Will     .....     Rnd*Rage +   k - +0 pair of boots
Stlth    ++........             e - amulet of reflection
HPRegen  0.20/turn              (no ring)
MPRegen  0.28/turn              (no ring)

@: no status effects
A: thin metallic scales 2, berserk 1, fire resistance 1, weak 1, magic shield,
magic regeneration
a: Renounce Religion


You were on level 6 of the Dungeon.
You worshipped Vehumet.
Vehumet was noncommittal.
You visited 2 branches of the dungeon, and saw 7 of its levels.

You collected 329 gold pieces.

Inventory:

Hand Weapons
 c - a +1 vampiric hand axe
 p - a +5 scimitar
 x - a +1 battleaxe of freezing (weapon)
 C - the +1 long sword of Poverty {vorpal, *Rage +Fly Will+ Str+8}
   (You found it on level 5 of the Dungeon)

   It inflicts extra damage upon your enemies.
   It affects your strength (+8).
   It affects your willpower, your defense against some magical effects.
   It lets you fly.
   It may make you go berserk in combat.
Missiles
 B - a throwing net
Armour
 i - a +0 leather armour (worn)
 k - a +0 pair of boots (worn)
 o - a +0 scale mail
 D - a +2 hat (worn)
Jewellery
 a - an uncursed amulet of magic regeneration
 e - an amulet of reflection (around neck)
Wands
 l - a wand of random effects (35)
 n - a wand of acid (12)
Scrolls
 b - 2 scrolls of remove curse
 j - 3 scrolls of enchant weapon
 t - a scroll of blinking {unknown}
 v - a scroll of immolation {unknown}
 y - 2 scrolls of teleportation
 A - a scroll of fear {unknown}
Potions
 d - a potion of magic {unknown}
 f - 3 potions of attraction
 g - a potion of mutation {unknown}
 h - 8 potions of curing
 m - a potion of flight {unknown}
 s - 2 potions of heal wounds
 u - 3 potions of cancellation
 w - 2 potions of ambrosia
 z - a potion of might {unknown}
 E - a potion of lignification {unknown}
 F - a potion of haste


   Skills:
 + Level 4.3 Fighting
 + Level 2.5 Armour
 - Level 1.7 Dodging
 - Level 1.7 Stealth
 + Level 4.5 Spellcasting
 * Level 6.5 Conjurations
 + Level 4.9 Fire Magic
 + Level 2.8 Evocations


You had 15 spell levels left.
You knew the following spells:

 Your Spells              Type           Power        Failure   Level
a - Foxfire               Conj/Fire      100%         1%          1

Your spell library contained the following spells:

 Spells                   Type           Power        Failure   Level
 Conjure Flame            Conj/Fire      26%          5%          3
 Beastly Appendage        Tmut           8%           19%         1
 Sticky Flame             Conj/Fire      26%          19%         4
 Inner Flame              Hex/Fire       13%          21%         3
 Wereblood                Tmut           4%           28%         2
 Fireball                 Conj/Fire      13%          45%         5
 Spider Form              Tmut/Pois      2%           50%         3
 Ice Form                 Ice/Tmut       4%           88%         4
 Blade Hands              Tmut           2%           99%         5


Dungeon Overview and Level Annotations

Branches:
Dungeon (6/15)             Temple (1/1) D:4

Altars:
Ashenzari
Cheibriados
Dithmenos
Elyvilon
Fedhas
Gozag
Hepliaklqana
Kikubaaqudgha
Makhleb
Nemelex Xobeh
Okawaru
Ru
Sif Muna
Trog
Uskayaw
Vehumet
Wu Jian
Xom
Yredelemnul
The Shining One


Innate Abilities, Weirdness & Mutations

You are mostly covered in thin metallic scales. (AC +3)
Your flesh is heat resistant. (rF+)
When hurt, damage is shared between your health and your magic reserves.
You regenerate magic rapidly.
You tend to lose your temper in combat.
You are weak. (Str -2)


Message History

The orc warrior throws a silver boomerang.
The silver boomerang hits you!
* * * LOW HITPOINT WARNING * * *
The silver sears you!
* * * LOW HITPOINT WARNING * * *
The weapon returns to the orc warrior!
There is an open door, spattered with blood here.
Items here: ††††.
There is an open door here.
The orc warrior throws a silver boomerang.
The silver boomerang hits you.
* * * LOW HITPOINT WARNING * * *
The silver sears you!
* * * LOW HITPOINT WARNING * * *
The weapon returns to the orc warrior!
The orc warrior throws a silver boomerang.
The silver boomerang hits you!
* * * LOW HITPOINT WARNING * * *
The silver sears you!
You die...

###.####.........#
.................#
######.............
###..........##
#.......####...
##.#........ ... #
####....#....###
..#####...>#####.....#
....[)÷....#####@###.
.###.............#
#..#####o#####..#
#...#.........#...#
#.#.#.8..8..8.#.#...
#..#.#....o....#.#.....
..##.##+##†##+##.......
.# #.# #..#..# #.. ....
. #.##...##.###.. ...


You could see an orc warrior.

Vanquished Creatures
  A steam dragon (D:5)
  2 ogres
  An ice beast (D:6)
  A phantom (Temple)
  A sky beast (D:5)
  A scorpion (D:6)
  6 wights
  A howler monkey (D:5)
  A centaur skeleton (D:6)
  A hound (D:4)
  3 orc wizards
  A bullfrog skeleton (D:4)
  A gnoll shaman (D:4)
  Ijyb (D:3)
  Natasha (thrice) (D:3)
  2 iguanas
  2 worker ants (D:4)
  A hound skeleton (D:4)
  Robin (D:2)
  10 adders
  A howler monkey skeleton (D:6)
  12 gnolls
  2 shadow imps
  A white imp (D:5)
  2 ufetubi
  An ooze (D:1)
  An adder skeleton (D:4)
  A worm (D:3)
  A dart slug (D:4)
  5 leopard geckos
  9 orcs
  2 ball pythons (D:2)
  4 bats
  6 giant cockroaches
  18 hobgoblins
  A jackal (D:1)
  6 kobolds
  3 quokkas
  2 frilled lizards (D:1)
  14 goblins
  4 rats
137 creatures vanquished.

Vanquished Creatures (collateral kills)
  2 foxfires (D:6)
2 creatures vanquished.

Vanquished Creatures (others)
  455 foxfires
455 creatures vanquished.

Grand Total: 594 creatures vanquished

Notes
Turn   | Place    | Note
-------+----------+-------------------------------------------
     0 | D:1      | vvl the Demonspawn Fire Elementalist began the quest for
                  | the Orb.
     0 | D:1      | Reached XP level 1. HP: 13/13 MP: 3/3
   529 | D:1      | Gained mutation: Your flesh is heat resistant. (rF+)
                  | [demonic ancestry]
   529 | D:1      | Reached XP level 2. HP: 20/20 MP: 1/5
  1236 | D:1      | Reached skill level 2 in Conjurations
  1239 | D:1      | Reached skill level 1 in Fighting
  1331 | D:1      | Gained mutation: You are partially covered in thin metallic
                  | scales. (AC +2) [demonic ancestry]
  1331 | D:1      | Reached XP level 3. HP: 25/26 MP: 1/6
  1810 | D:2      | You fall into a shaft and drop 1 floor!
  1885 | D:3      | Noticed Ijyb
  1893 | D:3      | Killed Ijyb
  1894 | D:3      | Reached XP level 4. HP: 32/32 MP: 0/7
  2004 | D:2      | Noticed Robin
  2455 | D:2      | Killed Robin
  2456 | D:2      | Reached skill level 3 in Conjurations
  2657 | D:2      | Gained mutation: When hurt, damage is shared between your
                  | health and your magic reserves. [demonic ancestry]
  2657 | D:2      | Reached XP level 5. HP: 37/38 MP: 3/9
  3306 | D:2      | Reached XP level 6. HP: 42/45 MP: 4/10
  3430 | D:2      | Reached skill level 4 in Conjurations
  3928 | D:3      | Found a sparkling altar of Nemelex Xobeh.
  3949 | D:3      | Found a faded altar of an unknown god.
  4561 | D:3      | Noticed Natasha
  4566 | D:3      | Killed Natasha
  4680 | D:3      | Noticed Natasha
  4685 | D:3      | Killed Natasha
  4705 | D:3      | Noticed Natasha
  4711 | D:3      | Killed Natasha
  4785 | D:4      | Gained mutation: You regenerate magic rapidly. [demonic
                  | ancestry]
  4785 | D:4      | Reached XP level 7. HP: 29/52 MP: 9/12
  5297 | D:4      | Reached skill level 5 in Conjurations
  5512 | D:4      | Found a staircase to the Ecumenical Temple.
  5539 | Temple   | Entered the Ecumenical Temple
  5544 | Temple   | Reached skill level 1 in Armour
  5544 | Temple   | Reached skill level 1 in Evocations
  5909 | Temple   | Became a worshipper of Vehumet
  6091 | D:4      | Found a shadowy altar of Dithmenos.
  6160 | D:5      | Entered Level 5 of the Dungeon
  6605 | D:5      | Got an iridescent long sword
  6617 | D:5      | Gained mutation: You are mostly covered in thin metallic
                  | scales. (AC +3) [demonic ancestry]
  6617 | D:5      | Reached XP level 8. HP: 60/60 MP: 10/14
  6972 | D:5      | Reached skill level 6 in Conjurations
  7249 | D:5      | Identified the +1 long sword of Poverty {vorpal, *Rage +Fly
                  | Will+ Str+8} (You found it on level 5 of the Dungeon)
  7251 | D:5      | Gained mutation: You tend to lose your temper in combat.
                  | [mutagenic glow]
  7260 | D:5      | Gained mutation: You are weak. (Str -2) [mutagenic glow]
  7476 | D:6      | HP: 2/61 [orc warrior/silver boomerang (7)]
  7476 | D:6      | Hit by a silver boomerang thrown by an orc warrior

Illustrated notes

Levels and vault maps discovered:
D:1:      scummos_arrival_hexagon, layout_basic, minmay_octomino_j4
D:2:      layout_loops_ring, uniq_robin
D:3:      layout_loops_cross, chequers_ecumenical_altar_simple,
          nemelex_spade_bored_becter, uniq_natasha, uniq_ijyb
D:4:      layout_cave_pools, minmay_temple_entry_drinking_statues,
          chequers_serial_rivers_small_a, kennysheep_another_room,
          grunt_dithmenos_shadows
D:5:      layout_loops_cross
D:6:      minmay_chambers_of_threes, layout_rooms, lemuel_tele_altar
Temple:   regret_index_temple_sigil_plot

Skill      XL: |  1  2  3  4  5  6  7  8 |
---------------+-------------------------+-----
Conjurations   | 2 3 4 5 6 |  6.5
Fighting       | 1 2 3 4 |  4.3
Fire Magic     | 3 4 |  4.9
Spellcasting   | 3 4 |  4.5
Armour         | 1 2 |  2.5
Evocations     | 1 2 |  2.8
Dodging        | |  1.7
Stealth        | |  1.7

Action                   |  1- 3 |  4- 6 |  7- 9 || total
-------------------------+-------+-------+-------++-------
Melee: Dagger            |    33 |       |       ||    33
       Unarmed           |     2 |       |       ||     2
       Hand axe          |     2 |    59 |       ||    61
       Battleaxe         |       |    45 |   108 ||   153
       Long sword        |       |       |     8 ||     8
 Cast: Foxfire           |    51 |    91 |   116 ||   258
  Use: Scroll            |       |     4 |     5 ||     9
       Potion            |       |       |     1 ||     1
 Stab: Sleeping          |     2 |     3 |       ||     5
       Distracted        |       |     1 |       ||     1
Armor: Robe              |     8 |       |       ||     8
       Leather armour    |       |    37 |    84 ||   121
Dodge: Dodged            |    31 |    76 |   122 ||   229
Block: Other             |       |    32 |    60 ||    92
       Reflection        |       |       |     3 ||     3

Table legend: (Time is in decaauts)
 A = Elapsed time spent in this place.
 B = Non-inter-level travel time spent in this place.
 C = Inter-level travel time spent in this place.
 D = Time resting spent in this place.
 E = Time spent auto-exploring this place.
 F = Levels seen in this place.
 G = Mean time per level.
                   A        B        C        D        E       F      G
               +--------+--------+--------+--------+--------+-----+--------+
         Total |   7624 |   7008 |    616 |   1346 |   4307 |   7 | 1089.1 |
       Dungeon |   7235 |   6679 |    556 |   1120 |   4212 |   6 | 1205.8 |
        Temple |    389 |    329 |     60 |    226 |     95 |   1 |  389.0 |
               +--------+--------+--------+--------+--------+-----+--------+

Top non-repeatable levels by time:
     D:1: 2042 daAuts
     D:2: 1642 daAuts
     D:3: 1285 daAuts
     D:5: 1148 daAuts
     D:4: 879 daAuts
  Temple: 389 daAuts
     D:6: 237 daAuts
